 Dungeon Crawl Stone Soup version 0.30-a0-134-gb40fab5c76 (webtiles) character file.

Game seed: 17861704032240894445

103 Essalna the Gusty (level 4, -1/24 HPs)
             Began as a Tengu Air Elementalist on Sept 20, 2022.
             Slain by Grinder (4 damage)
             ... on level 3 of the Dungeon.
             The game lasted 00:05:31 (2456 turns).

Essalna the Gusty (Tengu Air Elementalist)          Turns: 2456, Time: 00:05:31

Health: -1/24      AC:  2    Str:  8    XL:     4   Next: 79%
Magic:  4/8        EV: 12    Int: 18    God:
Gold:   82         SH:  0    Dex: 14    Spells: 4/7 levels left

rFire   . . .      SeeInvis .    e - +3 short sword
rCold   . . .      Faith    .    (no shield)
rNeg    . . .      Spirit   .    a - +0 robe
rPois   .          Reflect  .    (helmet restricted)
rElec   .          Harm     .    (no cloak)
rCorr   .          Rampage  .    (no gloves)
Will    .....                    (boots unavailable)
Stlth   ++........               (no amulet)
HPRegen 0.08/turn                (no ring)
MPRegen 0.11/turn                (no ring)

@: no status effects
A: beak, talons 3
a: no special abilities


You were on level 3 of the Dungeon.
You visited 1 branch of the dungeon, and saw 3 of its levels.

You collected 82 gold pieces.

Inventory:

Hand Weapons
 e - a +3 short sword (weapon)
Armour
 a - a +0 robe (worn)
Scrolls
 c - 2 scrolls of butterflies
 f - 3 scrolls of identify
 i - 3 scrolls of teleportation
 j - a scroll of poison {unknown}
Potions
 d - a potion of curing
 g - a potion of degeneration
 h - 2 potions of flight


   Skills:
 - Level 2.1 Dodging
 - Level 2.0 Stealth
 - Level 2.0 Spellcasting
 + Level 4.2 Conjurations
 + Level 5.7 Air Magic


You had 4 spell levels left.
You knew the following spells:

 Your Spells              Type           Power      Damage    Failure   Level
a - Shock                 Conj/Air       76%        1d7       2%          1
b - Static Discharge      Conj/Air       38%        2-4/arc   3%          2

Your spell library contained the following spells:

 Spells                   Type           Power      Damage    Failure   Level
 Swiftness                Air            22%        N/A       4%          3
 Airstrike                Air            11%        2d(2-18)  17%         4


Dungeon Overview and Level Annotations

Branches:
Dungeon (3/15)

Altars:
Gozag
Sif Muna

Shops:
D:2 [==[

Annotations:
D:3 3 runed translucent doors, Grinder; SuDDenLife's ghost, amateur DrFE


Innate Abilities, Weirdness & Mutations

You have a beak for a mouth.
You have claws for feet.


Message History

Aiming: Shock (safe; 2% risk of failure)
Press: ? - help, Shift-Dir - straight line, f - Grinder
Aim: Grinder (68% to hit)
The zap hits Grinder.
Grinder is lightly wounded.
Grinder gestures at you. Pain shoots through your body!
Casting: Shock (safe; 2% risk of failure)
Confirm with . or Enter, or press ? or * to list all spells.
Aiming: Shock (safe; 2% risk of failure)
Press: ? - help, Shift-Dir - straight line, f/p - Grinder
Aim: Grinder (lightly wounded, 68% to hit)
The zap hits Grinder.
Grinder is lightly wounded.
Magic courses through your body.
Casting: Shock (safe; 2% risk of failure)
Confirm with . or Enter, or press ? or * to list all spells.
Grinder is struck by an arc of lightning.
Grinder is moderately wounded.
You are struck by an arc of lightning.
Grinder is struck by an arc of lightning.
Grinder is moderately wounded.
The lightning grounds out.
A jackal comes into view.
Grinder gestures at you.
You suddenly lose the ability to move!
The jackal moves out of view.
Grinder drinks a potion.
Grinder seems to grow stronger.
You can move again.
Casting: Static Discharge (safe; 3% risk of failure)
Confirm with . or Enter, or press ? or * to list all spells.
Grinder is struck by an arc of lightning.
Grinder is heavily wounded.
You are struck by an arc of lightning.
Grinder is struck by an arc of lightning.
Grinder is heavily wounded.
You are struck by an arc of lightning.
The lightning grounds out.
Grinder hits you!
* * * LOW HITPOINT WARNING * * *
You writhe in agony.
You die...

######.##
#........ #@#
.# #5# )# #)#
o# #.# o# #.#
)#
#.####.#####.
#...o......>.
###.≈≈≈≈≈..#.
#.≈≈≈§§..#


You could see Grinder (strong).

Vanquished Creatures
  4 adders (D:2)
  6 dart slugs
  5 orcs (D:3)
  7 bats
  2 endoplasms (D:1)
  4 hobgoblins
  4 kobolds
  5 quokkas
  4 ball pythons
  2 frilled lizards (D:1)
  4 goblins
  2 rats
49 creatures vanquished.

Notes
Turn   | Place    | Note
-------+----------+-------------------------------------------
     0 | D:1      | Essalna the Tengu Air Elementalist began the quest for the
                  | Orb.
     0 | D:1      | Reached XP level 1. HP: 10/10 MP: 4/4
   236 | D:1      | Reached XP level 2. HP: 15/15 MP: 1/6
   733 | D:1      | Reached XP level 3. HP: 17/19 MP: 1/7
   817 | D:1      | Learned a level 2 spell: Static Discharge
  1054 | D:1      | Reached skill level 5 in Air Magic
  1322 | D:2      | Found a faded altar of an unknown god.
  1349 | D:2      | Found Itsoc's Jewellery Shoppe.
  1381 | D:2      | Reached XP level 4. HP: 24/24 MP: 4/8
  1658 | D:2      | Found Kixkuy's Jewellery Shop.
  2017 | D:2      | Found Veuvuci's Antique Armour Boutique.
  2113 | D:2      | Found Sympyneq's Armour Boutique.
  2330 | D:3      | Found a runed translucent gate.
  2330 | D:3      | Found a runed translucent gate.
  2330 | D:3      | Found an opulent altar of Gozag.
  2331 | D:3      | Found a runed translucent gate.
  2332 | D:3      | Noticed SuDDenLife's ghost (amateur DrFE)
  2395 | D:3      | Found a shimmering blue altar of Sif Muna.
  2433 | D:3      | Noticed Grinder
  2436 | D:3      | Paralysed by Grinder for 3 turns
  2454 | D:3      | Paralysed by Grinder for 2 turns
  2456 | D:3      | Slain by Grinder

Illustrated notes

Levels and vault maps discovered:
D:1:      ncdulo_smallfort, layout_loops_cross, serial_glass, glass_columns_a,
          glass_columns_b
D:2:      layout_loops_ring, chequers_ecumenical_altar_twisty, serial_shops,
          nicolae_shop_crystal, nicolae_shop_behind_doors, nicolae_shop_stone,
          nicolae_lakefront_shop
D:3:      layout_loops_ring, nicolae_sif_muna_condensation, lemuel_tele_altar,
          ebering_ghost_gozag, uniq_grinder

Skill      XL: |  1  2  3  4 |
---------------+-------------+-----
Conjurations   | 2 3 4 |  4.2
Air Magic      | 5 |  5.7
Dodging        | |  2.1
Stealth        | |  2.0
Spellcasting   | |  2.0

Action                   |  1- 3 |  4- 6 || total
-------------------------+-------+-------++-------
Melee: Short sword       |     8 |     3 ||    11
       Kick              |     1 |     1 ||     2
       Peck              |       |     1 ||     1
 Cast: Shock             |    60 |    49 ||   109
       Static Discharge  |       |     3 ||     3
  Use: Scroll            |     3 |     2 ||     5
       Potion            |       |     1 ||     1
Armor: Robe              |     3 |     5 ||     8
Dodge: Dodged            |    12 |     8 ||    20

Table legend: (Time is in decaauts)
 A = Elapsed time spent in this place.
 B = Non-inter-level travel time spent in this place.
 C = Inter-level travel time spent in this place.
 D = Time resting spent in this place.
 E = Time spent auto-exploring this place.
 F = Levels seen in this place.
 G = Mean time per level.
                   A        B        C        D        E       F      G
               +--------+--------+--------+--------+--------+-----+--------+
         Total |   2455 |   2421 |     34 |      0 |   2162 |   3 |  818.3 |
       Dungeon |   2455 |   2421 |     34 |      0 |   2162 |   3 |  818.3 |
               +--------+--------+--------+--------+--------+-----+--------+

Top non-repeatable levels by time:
     D:1: 1154 daAuts
     D:2: 1118 daAuts
     D:3: 181 daAuts
